[Event "5e festival international d'échecs d'A"]
[Site "Allauch, France"]
[Date "2023.09.02"]
[Round "9.2"]
[White "Derige Kane, Yan"]
[Black "Charvein, Gabriel"]
[Result "1-0"]
[WhiteElo "2162"]
[BlackElo "1993"]
[PlyCount "79"]
[EventDate "2023.??.??"]
[TimeControl "1"]

1. d4 Nf6 2. Bg5 Ne4 3. Bf4 e5 4. Bxe5 d6 5. Bg3 h5 6. Nd2 Nxg3 7. hxg3 g6 8. e3 Bg7 9. Bd3 c5 10. c3 Nc6 11. Ne2 Bg4 12. Qc2 Rb8 13.
f3 Bd7 14. O-O-O O-O 15. Nf4 cxd4 16. exd4 Nxd4 17. cxd4 Rc8 18. Bc4 d5 19. Nxd5 b5 20. Nc3 Bf5 21. Bd3 Bxd3 22. Qxd3 b4 23. Nb3 bxc3 24. bxc3 Qd5 25. Kb2 Rc4 26. Rc1 a5 27. Rhd1 Rb8 28. Ka1 Ra4 29. c4 Qb7 30. Rb1 Ra3 31. Qc2 Qc6 32. Rd3 Rb4 33. Nd2 Qd6 34. Rxb4 Qxb4 35. Ne4 f5 36. Nd2 Rc3 37. Rxc3 Bxd4 38. Nb1 a4 39. a3 Qxc4 40. Qa2 1-0

[Event "5e festival international d'échecs d'A"]
[Site "Allauch, France"]
[Date "2023.09.02"]
[Round "9.5"]
[White "Tosser, Sacha"]
[Black "Toth, Kincso"]
[Result "0-1"]
[WhiteElo "1388"]
[BlackElo "1709"]
[PlyCount "102"]
[EventDate "2023.??.??"]
[TimeControl "1"]

1. c4 e5 2. Nc3 Nc6 3. g3 a6 4. Bg2 Bc5 5. e3 d6 6. Nge2 Ba7 7. O-O h5 8. h3 h4 9. g4 f5 10. gxf5 Bxf5 11. e4 Be6 12. d3 Qd7 13. Kh2 O-O-O 14. f4 exf4 15. Nxf4 Nf6 16. Nxe6 Qxe6 17. Nd5 Kb8 18. b4 Ne5 19. Nf4 Qd7 20. Qe2 Rdg8 21. Nd5 Nh5 22. Be3 Bxe3 23. Qxe3 g5 24. Nf6 Nxf6 25. Rxf6 g4 26. Rf5 Qe7 27. Rg1 gxh3 28. Bxh3 Rxg1 29. Kxg1 Rg8+ 30. Kh2 Rg3 31. Qf2 b6 32. Rf8+ Ka7 33. d4 Ng4+ 34. Bxg4 Rxg4 35. e5 dxe5 36. Qf3 e4 37. Qxg4 Qxf8 38. Qxe4 Qf2+ 39. Kh1 Qf1+ 40. Kh2 Qxc4 41. a3 Qa2+ 42. Kh3 Qxa3+ 43. Kxh4 Qxb4 44. Kg3 a5 45. Kf3 a4 46. Qc6 Qxd4 47. Qxc7+ Ka6 48. Ke2 Kb5 49. Qa7 Kb4 50. Qe7+ Kb3 51. Ke1 Qb4+ 0-1

[Event "5e festival international d'échecs d'A"]
[Site "Allauch, France"]
[Date "2023.09.02"]
[Round "9.6"]
[White "Hoang Villemagne, Mathieu"]
[Black "Sembel Rudelle, Gael"]
[Result "1-0"]
[WhiteElo "1350"]
[BlackElo "1390"]
[PlyCount "145"]
[EventDate "2023.??.??"]
[TimeControl "1"]

1. e4 c5 2. Nf3 Nc6 3. c3 Nf6 4. e5 Nd5 5. d4 cxd4 6. cxd4 d6 7. exd6 e6 8. a3 a5 9. Bd3 Bxd6 10. O-O Bd7 11. Nc3 Nxc3 12. bxc3 Rc8 13. Ng5 Qf6 14. Ne4 Qe7 15. Nxd6+ Qxd6 16. a4 Ne7 17. Bb2 Bc6 18. Qg4 h5 19. Qe2 Qd5 20. f3 Qd8 21. c4 Kf8 22. Rfe1 b6 23.
d5 exd5 24. Ba3 Rc7 25. cxd5 Bxd5 26. Rac1 Be6 27. Qe5 Rb7 28. Bb2 Rg8 29. Bh7 Qd5 30. Red1 f6 31. Qxd5 Bxd5 32. Bxg8 Bxg8 33. Ba3 Kf7 34. Bxe7 Kxe7 35. Rc3 Bh7 36. Rd5 Bg6 37. Re3+ Kf7 38. Rd6 Bc2 39. Rd4 b5 40. axb5 Rxb5 41. Rc3 Bf5 42. Rc7+ Kg6 43. Ra7 Rb1+ 44. Kf2 Ra1 45. g4 hxg4 46. fxg4 Ra2+ 47. Kg3 Be6 48. Re4 Bd5 49. Ree7 Ra3+ 50. Kh4 f5 51. Rxg7+ Kf6 52. Rh7 Ra2 53. h3 fxg4 54. hxg4 Rh2+ 55. Kg3 Rxh7 56. Rxh7 a4 57. Kf4 a3 58. g5+ Kg6 59. Ra7 a2 60. Ra6+ Kg7 61. Kf5 Bc4 62. Ra7+ Kg8 63. Kf6 Bd5 64. Kg6 Be4+ 65. Kh6 Bd5 66. g6 Kh8 67. g7+ Kg8 68. Rd7 a1=Q 69. Rd8+ Kf7 70. g8=Q+ Ke7 71. Qf8+ Ke6 72. Rd6+ Ke5 73. Qf6+ 1-0

[Event "5e festival international d'échecs d'A"]
[Site "Allauch, France"]
[Date "2023.09.02"]
[Round "9.8"]
[White "Proud'Hon, Gabriel"]
[Black "Maggio, Lucas"]
[Result "1/2-1/2"]
[WhiteElo "1340"]
[BlackElo "1321"]
[PlyCount "109"]
[EventDate "2023.??.??"]
[TimeControl "1"]

1. e4 e6 2. d4 d5 3. Nd2 c5 4. exd5 Qxd5 5. Ngf3 cxd4 6. Bc4 Qd7 7. O-O Nc6 8. Nb3 Nf6 9. Nbxd4 Nxd4 10. Nxd4 a6 11. Be2 Bc5 12. Nb3 Bd6 13. Bf3 O-O 14. Be3 Qc7 15. h3 Rd8 16. Qe2 Bd7 17. Rfc1 e5 18.
Qe1 h6 19. c3 Bc6 20. Bxc6 Qxc6 21. Rd1 Rac8 22. Qe2 Bb8 23. Na5 Qc7 24. Rxd8+ Rxd8 25. Nc4 e4 26. g3 Rd3 27. Nd2 Qd7 28. Kg2 Ba7 29. Nc4 Bxe3 30. Ne5 Rd2 31. Qxe3 Qd5 32. b3 Rc2 33. Nc4 Qd3 34. Qxd3 exd3 35. Rd1 Ne4 36. Rxd3 Rxf2+ 37. Kg1 Rxa2 38. Rd8+ Kh7 39. Rd7 Nxc3 40. Rxb7 Ne2+ 41. Kf2 Nf4+ 42. Kf1 Nxh3 43. Rxf7 Ng5 44. Ra7 Ne4 45. g4 Nf6 46. Ne3 Kg6 47. Kg1 Ra3 48. Nc4 Rxb3 49. Rxa6 Kg5 50. Ra7 Kxg4 51. Rxg7+ Kf5 52. Rf7 Rc3 53. Nb6 Kg6 54. Rxf6+ Kxf6 55. Nd5+ 1/2-1/2